Map: Jagannatha LE

Players

Elazer - Winner!

  • Race: Zerg Zerg

ziGGy

  • Race: Terran Terran

Event: DreamHack SC2 Masters 2021 Fall

VOD

Have the link to the VOD?

Description

Time

  • Played on: July 29, 2021, 10:45 a.m.
  • Length: 9:05

All games in this series

Show
View Real Time Build Order
Export as new Build Order

Elazer Zerg - Winner!

Build Orders: Hatch First 

Get SALT Encoding   

  12  0:00  Drone  
  13  0:12  Overlord  
  13  0:16  Drone  
  14  0:30  Drone x2  
  16  0:48  Hatchery  
  15  0:51  Drone  
  15  0:55  Drone  
  17  0:58  Drone  
  18  1:09  Extractor  
  17  1:14  Spawning Pool  
  17  1:17  Drone  
  17  1:20  Drone  
  18  1:27  Drone  
  19  1:38  Drone  
  20  1:49  Drone  
  21  2:00  Queen x2  
  25  2:01  Zergling x4  
  27  2:09  Metabolic Boost  
  27  2:11  Zergling x2  
  27  2:12  Overlord  
  28  2:31  Hatchery  
  28  2:32  Drone  
  28  2:34  Drone  
  29  2:41  Queen  
  31  2:45  Zergling x2  
  32  2:51  Overlord  
  32  2:54  Zergling x2  
  32  2:57  Zergling x4  
  35  3:02  Zergling x2  
  36  3:11  Zergling x2  
  36  3:12  Zergling x8  
  39  3:22  Zergling x2  
  38  3:31  Overlord  
  38  3:33  Drone  
  36  3:37  Queen  
  36  3:39  Drone x2  
  40  3:42  Drone x3  
  40  3:46  Drone  
  40  3:47  Drone x2  
  46  3:57  Drone  
  46  3:59  Drone x3  
  50  4:07  Drone x2  
  50  4:08  Drone  
  52  4:11  Overlord  
  52  4:12  Drone x3  
  52  4:14  Drone  
  56  4:19  Drone  
  57  4:24  Overlord  
  57  4:29  Queen  
  57  4:30  Drone x5  
  64  4:36  Overlord  
  64  4:37  Drone  
  65  4:43  Drone  
  66  4:46  Drone  
  66  4:49  Drone x3  
  66  4:50  Drone x3  
  66  4:52  Lair  
  73  4:59  Drone x6  
  79  5:02  Overlord  
  79  5:11  Drone x2  
  79  5:13  Extractor  
  80  5:14  Drone  
  80  5:15  Extractor, Hatchery  
  80  5:16  Baneling Nest  
  80  5:17  Extractor  
  80  5:18  Queen  
  80  5:20  Drone  
  80  5:21  Overlord  
  80  5:23  Drone x3  
  80  5:28  Overlord  
  83  5:31  Drone  
  83  5:32  Drone x2  
  86  5:37  Overlord  
  86  5:39  Drone x2  
  86  5:40  Drone  
  86  5:42  Zergling x4  
  91  5:44  Spore Crawler  
  91  5:47  Zergling x2  
  91  5:48  Spore Crawler  
  91  5:49  Spore Crawler  
  89  5:50  Overseer  
  89  5:52  Zergling x8  
  92  5:58  Overlord  
  92  6:01  Drone  
  93  6:04  Roach Warren  
  93  6:05  Queen x3, Overlord  
  93  6:09  Drone  
  93  6:10  Extractor x2, Drone x2  
  100  6:11  Drone  
  100  6:12  Drone x2  
  100  6:18  Evolution Chamber x2  
  100  6:28  Overlord  
  100  6:37  Drone x8  
  100  6:38  Overlord x2  
  108  6:45  Zerg Ground Armor Level 1, Zerg Missile Weapons Level 1, Glial Reconstitution  
  108  6:46  Roach x6  
  120  6:56  Roach x7  
  120  6:59  Overlord  
  132  7:06  Overlord  
  132  7:07  Roach  
  132  7:08  Roach x4  
  142  7:14  Ravager, Overlord  
  143  7:16  Extractor  
  143  7:17  Extractor  
  143  7:18  Drone x3, Infestation Pit  
  143  7:19  Drone x3  
  146  7:28  Overlord  
  145  7:31  Drone x4  
  145  7:32  Drone x4  
  153  7:40  Roach x5  
  153  7:41  Roach  
  153  7:42  Overlord  
  165  7:45  Hatchery  
  165  7:50  Roach x3  
  170  7:53  Roach x3  
  175  7:59  Overlord  
  175  8:01  Evolution Chamber  
  175  8:05  Drone  
  174  8:08  Overlord x3  
  170  8:18  Roach x11  
  182  8:24  Overlord  
  182  8:26  Infestor x2  
  183  8:28  Roach x3  
  183  8:33  Roach  
  182  8:37  Roach x3  
  173  8:45  Drone x2  
Show
View Real Time Build Order
Export as new Build Order

ziGGy Terran 

Build Orders:  

Get SALT Encoding   

  12  0:00  SCV  
  13  0:12  SCV  
  14  0:17  Supply Depot  
  14  0:24  SCV  
  15  0:39  SCV  
  15  0:41  Barracks  
  16  0:43  Refinery  
  16  0:51  SCV  
  17  0:59  Barracks  
  17  1:03  SCV  
  18  1:15  SCV  
  19  1:28  Reaper, Orbital Command  
  20  1:36  Barracks  
  20  1:41  Refinery  
  20  1:46  Reaper  
  21  1:53  Supply Depot  
  21  1:57  SCV  
  22  2:03  Reaper  
  23  2:14  SCV  
  24  2:18  Reaper  
  25  2:23  Reaper  
  26  2:36  Reaper  
  27  2:39  Command Center  
  27  2:50  Reaper  
  28  2:53  SCV  
  28  2:55  Reaper  
  30  3:05  SCV  
  31  3:31  Reaper  
  31  3:32  SCV  
  31  3:33  Reaper x2  
  30  3:35  Supply Depot  
  30  3:40  Command Center  
  30  3:44  SCV  
  30  3:48  Factory  
  30  3:54  Orbital Command  
  30  3:58  SCV  
  31  4:09  Refinery  
  32  4:10  SCV  
  32  4:14  Marine x2  
  34  4:20  SCV  
  34  4:22  SCV  
  34  4:23  Factory  
  36  4:32  SCV  
  36  4:33  Factory Tech Lab  
  36  4:34  SCV  
  38  4:40  Factory  
  38  4:44  SCV  
  39  4:46  Factory  
  39  4:50  SCV  
  40  4:54  Orbital Command  
  40  4:56  SCV  
  41  5:02  SCV  
  41  5:05  Cyclone  
  45  5:08  SCV, Factory Tech Lab  
  46  5:15  Factory  
  46  5:17  SCV  
  46  5:20  SCV x2  
  49  5:24  Factory Reactor, Mag-Field Accelerator  
  49  5:29  SCV  
  49  5:32  Refinery, Factory Reactor  
  49  5:33  SCV x2  
  52  5:39  Hellion x2  
  56  5:43  Supply Depot, SCV  
  57  5:50  Infernal Pre-Igniter  
  57  5:51  SCV x2  
  59  5:58  SCV  
  59  6:00  Hellion x2, Factory Tech Lab  
  59  6:01  Hellion  
  59  6:02  Hellion  
  59  6:03  SCV  
  69  6:05  Supply Depot  
  69  6:10  Hellion x2  
  73  6:15  SCV, Orbital Command  
  74  6:20  Supply Depot  
  74  6:21  Cyclone  
  77  6:26  Cyclone  
  77  6:27  Supply Depot  
  77  6:28  Hellion x2  
  84  6:35  SCV  
  85  6:41  SCV  
  85  6:42  SCV, Hellion, Supply Depot  
  85  6:46  Cyclone  
  92  6:53  Cyclone  
  95  6:58  SCV  
  95  6:59  Cyclone  
  99  7:10  SCV  
  99  7:13  SCV x2  
  102  7:18  Cyclone  
  105  7:23  SCV  
  105  7:25  Hellion x2  
  109  7:33  SCV x2, Hellion, Cyclone, Supply Depot  
  109  7:35  SCV  
  117  7:43  Factory  
  117  7:47  Factory  
  117  7:50  Supply Depot  
  117  7:55  SCV x2, Cyclone x2  
  125  8:08  Cyclone  
  124  8:15  SCV  
  124  8:17  Hellion x2  
  97  8:20  SCV x2  
  97  8:24  Hellion  
  97  8:25  Hellion  
  95  8:28  SCV  
  95  8:33  SCV x2  
  88  8:40  SCV  
  79  8:45  SCV x2  
  81  8:52  SCV  

Tags
 
Add a new tag
Caveats
  • Supply blocks, unpowered buildings, or Contaminate may cause inaccurate times.
  • Supply counts are checked every 10 seconds.